 Dungeon Crawl Stone Soup version 0.31.0-32-g396128a36d (webtiles) character file.

Game seed: 1600011795123253091

4596 Peloso the Carver (level 10, -2/86 HPs)
             Began as a Minotaur Fighter on Mar 16, 2024.
             Was an Elder of Okawaru.
             Succumbed to a hornet's poison
             ... on level 9 of the Dungeon.
             The game lasted 00:17:59 (9474 turns).

Peloso the Carver (Minotaur Fighter)                Turns: 9474, Time: 00:17:59

Health: -2/86      AC: 20    Str: 21    XL:     10   Next: 19%
Magic:  8/9        EV: 10    Int:  5    God:    Okawaru [****..]
Gold:   332        SH:  7    Dex: 14    Spells: 9/9 levels left

rFire   . . .        a - +0 long sword
rCold   . . .        d - +0 buckler
rNeg    . . .        D - +0 plate armour
rPois   .            (helmet restricted)
rElec   .            A - +0 cloak
rCorr   +            (no gloves)
SInv    .            w - +0 pair of boots
Will    .....        (no amulet)
Stlth   x              - ring of resist corrosion
HPRegen 0.34/turn    (no ring)
MPRegen 0.11/turn

%: no passive effects
@: mighty, lethally poisoned (-2 -> -19), heroic, hasted and slowed
A: horns 2, retaliatory headbutt
a: Renounce Religion, Heroism, Finesse


You were on level 9 of the Dungeon.
You worshipped Okawaru.
Okawaru was greatly pleased with you.
You visited 2 branches of the dungeon, and saw 10 of its levels.

You collected 354 gold pieces.
You spent 22 gold pieces at shops.

Inventory:

Hand Weapons
 a - a +0 long sword (weapon)
Missiles
 i - 2 throwing nets (quivered)
Armour
 b - a +0 scale mail
 c - a +0 chain mail
 d - a +0 buckler (worn)
 w - a +0 pair of boots (worn)
 A - a +0 cloak (worn)
 D - a +0 plate armour (worn)
Jewellery
 x - a ring of resist corrosion (left hand)
 C - a ring of ice
Wands
 v - a wand of roots (18)
 y - a wand of flame (28)
Scrolls
 e - a scroll of blinking {unknown}
 f - 3 scrolls of teleportation
 g - a scroll of noise {unknown}
 h - a scroll of amnesia
 j - 2 scrolls of vulnerability {unknown}
 l - 2 scrolls of poison {unknown}
 n - a scroll of silence {unknown}
 p - 3 scrolls of immolation {unknown}
 r - 2 scrolls of acquirement {unknown}
 u - 2 scrolls of enchant armour {unknown}
Potions
 k - 2 potions of brilliance
 m - 2 potions of haste
 o - 2 potions of might
 s - a potion of cancellation {unknown}
 t - 2 potions of mutation {unknown}
 z - a potion of curing {unknown}
 B - a potion of berserk rage {unknown}


   Skills:
 + Level 7.0(12.0) Fighting
 + Level 11.1(16.1) Long Blades
 + Level 10.4(15.4) Armour
 + Level 3.9(8.9) Dodging
 + Level 1.0(6.0) Stealth
 + Level 7.6(12.6) Shields
 + Level 0.4 Invocations
 + Level 0.2 Evocations


You had 9 spell levels left.
You didn't know any spells.
Your spell library contained the following spells:

 Spells                   Type           Power      Damage    Failure   Level
 Slow                     Hex            0%         N/A       99%         1
 Ensorcelled Hibernation  Hex/Ice        0%         N/A       100%        2
 Lesser Beckoning         Tloc           0%         N/A       100%        2
 Confusing Touch          Hex            0%         N/A       100%        3
 Gell's Gravitas          Tloc           0%         N/A       100%        3
 Passwall                 Erth           0%         N/A       100%        3
 Sigil of Binding         Hex            0%         N/A       100%        3
 Swiftness                Air            0%         N/A       100%        3
 Teleport Other           Tloc           0%         N/A       100%        3
 Vampiric Draining        Necr           0%         2d6       100%        3
 Dimensional Bullseye     Hex/Tloc       0%         N/A       100%        4
 Call Canine Familiar     Summ           Unusable   N/A       N/A         3

Dungeon Overview and Level Annotations

Branches:
Dungeon (9/15)             Temple (1/1) D:4
   Lair: D:8-11         Orc: D:9-12

Altars:
Ashenzari
Cheibriados
Dithmenos
Elyvilon
Fedhas
Gozag
Kikubaaqudgha
Makhleb
Nemelex Xobeh
Okawaru
Qazlal
Ru
Uskayaw
Vehumet
Wu Jian
Xom
Yredelemnul
Zin
The Shining One

Shops:
D:1 *   D:8 (

Portals:
Bailey: D:9


Innate Abilities, Weirdness & Mutations

You have a pair of horns on your head.
You reflexively headbutt those who attack you in melee.


Message History

The hornet stings you but does no damage.
Unknown command.
Okay, then.
As you read the scroll of teleportation, it crumbles to dust.
You feel strangely unstable.
* * * LOW HITPOINT WARNING * * *
You feel very sick. The hornet stings you.
* * * LOW HITPOINT WARNING * * *
You are more poisoned.
You feel as though you will be slow longer.
The hornet stings you!
* * * LOW HITPOINT WARNING * * *
You are more poisoned.
You feel as though you will be slow longer.
You feel much better.
* * * LOW HITPOINT WARNING * * *
You feel extremely sick. You block the hornet's attack.
You slash the hornet!
The hornet is moderately wounded.
* * * LOW HITPOINT WARNING * * *
You feel very sick. You block the hornet's attack.
The hornet stings you but does no damage.
Unknown command.
You slice the hornet!! Your headbutt misses the hornet.
The hornet is severely wounded.
* * * LOW HITPOINT WARNING * * *
You feel very sick. The hornet barely misses you.
Unknown command.
You slice the hornet!!
You kill the hornet!
Okawaru accepts your kill.
Your surroundings suddenly seem different. 2 goblins and 5 yaks come into view.
Found a leather armour, a shiny wooden wand and 2 stones.
Found an escape hatch in the floor and a flagged portal.
You die...

. ####### .(
....... ...
....... /...
....... ~≈≈Y.
.......
Yg≈...##.......
∩>~..Y.@.#
Yg≈Y.##### ~≈≈
.


You could see 5 yaks and 2 goblins.

Vanquished Creatures
  Pikel (D:7)
  Maggie (D:9)
  A hornet (D:9)
  Sigmund (D:6)
  Eustachio (D:6)
  A steam dragon (D:7)
  A water moccasin (D:7)
  Duvessa (D:6)
  2 black bears
  3 ice beasts
  3 ogres
  A phantom (D:5)
  A centaur (D:8)
  Blork the orc (D:6)
  4 bullfrogs
  A gnoll sergeant (D:7)
  5 scorpions
  5 wights
  Dowan (D:6)
  2 howler monkeys
  4 electric eels (D:8)
  A bombardier beetle (D:6)
  3 orc priests
  Crazy Yiuf (D:7)
  A hound (D:6)
  5 sleepcaps
  4 gnoll boudas
  4 iguanas
  5 orc wizards
  24 gnolls
  12 adders
  A white imp (D:6)
  4 ufetubi (D:5)
  2 dart slugs
  A ribbon worm (D:3)
  20 orcs
  11 endoplasms
  A giant cockroach (D:2)
  11 hobgoblins
  4 jackals (D:2)
  4 kobolds
  6 quokkas
  12 ball pythons
  4 bats
  4 frilled lizards
  4 goblins
  7 rats
197 creatures vanquished.

Notes
Turn   | Place    | Note
-------+----------+-------------------------------------------
     0 | D:1      | Peloso the Minotaur Fighter began the quest for the Orb.
     0 | D:1      | Reached XP level 1. HP: 19/19 MP: 0/0
   180 | D:1      | Reached XP level 2. HP: 9/27 MP: 1/1
   396 | D:1      | Reached XP level 3. HP: 30/33 MP: 2/2
   449 | D:1      | Found Boato's General Store.
   458 | D:1      | Bought a scroll of identify for 22 gold pieces
   590 | D:2      | Reached skill level 3 in Long Blades
   924 | D:2      | Reached XP level 4. HP: 38/40 MP: 3/3
  1048 | D:2      | Found a faded altar of an unknown god.
  1678 | D:3      | Found a glowing silver altar of Zin.
  1678 | D:3      | Noticed an angel
  2133 | D:4      | Reached skill level 1 in Dodging
  2222 | D:4      | Reached skill level 4 in Long Blades
  2227 | D:4      | Reached XP level 5. HP: 20/47 MP: 4/4
  2371 | D:4      | Found a staircase to the Ecumenical Temple.
  2388 | Temple   | Entered the Ecumenical Temple
  2399 | Temple   | Became a worshipper of Warmaster Okawaru
  2774 | D:4      | Noticed a black bear
  2784 | D:4      | Killed a black bear
  2785 | D:4      | Reached skill level 5 in Long Blades
  2785 | D:4      | Reached XP level 6. HP: 44/55 MP: 5/5
  3175 | D:5      | Entered Level 5 of the Dungeon
  3199 | D:4      | Reached skill level 5 in Armour
  3389 | D:5      | Reached skill level 5 in Fighting
  3401 | D:4      | Reached skill level 5 in Shields
  3961 | D:5      | Reached * piety under Okawaru
  3962 | D:5      | Reached skill level 6 in Long Blades
  3962 | D:5      | Reached XP level 7. HP: 61/61 MP: 6/6
  4567 | D:6      | Noticed Sigmund
  4616 | D:6      | Killed Sigmund
  4617 | D:6      | Reached skill level 7 in Long Blades
  4650 | D:6      | Noticed Duvessa
  4650 | D:6      | Noticed Dowan
  4665 | D:6      | Killed Duvessa
  4666 | D:6      | Reached XP level 8. HP: 47/70 MP: 7/7
  4683 | D:6      | Killed Dowan
  4865 | D:6      | Noticed Blork the orc
  4874 | D:6      | Reached ** piety under Okawaru
  4875 | D:6      | Reached skill level 8 in Long Blades
  4888 | D:6      | Killed Blork the orc
  4908 | D:6      | HP: 3/70 [poisoned by a scorpion]
  5248 | D:6      | Noticed Eustachio
  5655 | D:6      | Killed Eustachio
  5656 | D:6      | Reached skill level 9 in Long Blades
  6026 | D:6      | Reached XP level 9. HP: 35/72 MP: 8/8
  6971 | D:7      | Reached *** piety under Okawaru
  7133 | D:7      | Found a shadowy altar of Dithmenos.
  7136 | D:7      | Found a hide-covered altar of Uskayaw.
  7137 | D:7      | Found an ancient bone altar of Kikubaaqudgha.
  7140 | D:7      | Found a basalt altar of Yredelemnul.
  7158 | D:7      | Reached skill level 10 in Long Blades
  7881 | D:7      | Noticed Pikel
  7895 | D:7      | Killed Pikel
  7895 | D:7      | Reached **** piety under Okawaru
  8167 | D:7      | Reached skill level 10 in Armour
  8172 | D:7      | Reached XP level 10. HP: 34/84 MP: 9/9
  8380 | D:7      | Found a runed translucent door.
  8381 | D:7      | Noticed Crazy Yiuf
  8438 | D:7      | Killed Crazy Yiuf
  8439 | D:7      | Reached skill level 1 in Stealth
  8779 | D:8      | Found Zeinymit's Weapon Boutique.
  8928 | D:8      | Found a stormy altar of Qazlal.
  8947 | D:8      | Reached skill level 11 in Long Blades
  9057 | D:8      | Identified the +3 leather armour "Vestrosm" {Will+ Regen+
                  | Dex-2}
  9435 | D:9      | Noticed Maggie
  9458 | D:9      | Killed Maggie
  9460 | D:9      | Paralysed by a hornet for 3 turns
  9466 | D:9      | Paralysed by a hornet for 2 turns
  9470 | D:9      | HP: 1/86 [hornet (11)]
  9474 | D:9      | Found a flagged portal.
  9474 | D:9      | Succumbed to a hornet's poison

Illustrated notes

Levels and vault maps discovered:
D:1:      minmay_arrival_pointy, layout_rooms, serial_shops, shop
D:2:      layout_basic, nicolae_ecumenical_snake_handling, hangedman_decor_push,
          roderic_serpentine_path
D:3:      layout_loops_ring, zin_angel, moated_statue
D:4:      layout_gridville, minmay_temple_entry_mini_moons
D:5:      layout_rooms, serial_corexii_hall, corexii_hall_statues_x,
          corexii_hall_statues_s, dreamdust_mushroom_princess
D:6:      layout_loops_ring, serial_rivers, chequers_serial_rivers_micro_a,
          chequers_serial_rivers_micro_c, chequers_serial_rivers_micro_e,
          chequers_serial_rivers_large_a, chequers_serial_rivers_large_b,
          chequers_serial_rivers_small_b, sigmund_army, uniq_blork_the_orc,
          uniq_duvessa, uniq_eustachio
D:7:      layout_loops_corners, grunt_temple_overflow_open, uniq_pikel,
          uniq_crazy_yiuf_cottage
D:8:      layout_gridville, overflow_temple_1_default, serial_shops, shop,
          minivault_26, serial_bayou_lake_a
D:9:      layout_rooms, enter_bailey_5, uniq_maggie
Temple:   hellmonk_temple_forest_ring

Skill      XL: |  1  2  3  4  5  6  7  8  9 10 |
---------------+-------------------------------+-----
Fighting       | 4 5 6 7 |  7.0
Shields        | 4 5 6 7 |  7.6
Long Blades    | 3 4 5 6 7 9 10 11 | 11.1
Armour         | 4 5 6 7 10 | 10.4
Dodging        | 1 2 3 |  3.9
Stealth        | 1 |  1.0
Invocations    | |  0.4
Evocations     | |  0.2

Action                     |  1- 3 |  4- 6 |  7- 9 | 10-12 || total
---------------------------+-------+-------+-------+-------++-------
  Melee: Long sword        |   120 |   204 |   413 |    50 ||   787
         Headbutt          |     8 |    38 |    80 |    12 ||   138
 Invoke: Heroism           |       |       |     4 |     1 ||     5
  Evoke: Wand              |       |       |       |     5 ||     5
    Use: Potion            |     3 |       |     1 |     5 ||     9
         Scroll            |       |     2 |     3 |     1 ||     6
 Armour: Scale mail        |    97 |    33 |       |       ||   130
         Chain mail        |       |   115 |   319 |    25 ||   459
         Plate armour      |       |       |       |    35 ||    35
  Dodge: Dodged            |    58 |    86 |   133 |    18 ||   295
  Block: Buckler           |    33 |    57 |   102 |    21 ||   213
